 Dungeon Crawl Stone Soup version 0.20.0-10-g0535bb4 (webtiles) character file.

982 anfisbena the Twirler (level 8, -1/65 HPs)
             Began as a Formicid Fighter on June 3, 2017.
             Was an Initiate of Ru.
             Killed by divine providence
             ... invoked by an orc priest
              (12 damage)
             ... on level 6 of the Dungeon.
             The game lasted 00:05:58 (6189 turns).

anfisbena the Twirler (Formicid Fighter)            Turns: 6189, Time: 00:05:58

Health: -1/65      AC:  9    Str: 20    XL:     8   Next: 40%
Magic:  8/8        EV:  5    Int:  9    God:    Ru [......]
Gold:   341        SH:  9    Dex: 12    Spells: 7/7 levels left

rFire    . . .     SeeInvis +   y - +1 quarterstaff (distort)
rCold    . . .     Gourm    .   c - +0 shield
rNeg     . . .     Faith    .   m - +0 chain mail
rPois    +         Spirit   .   (helmet unavailable)
rElec    .         Reflect  .   (no cloak)
rCorr    .         Harm     .   (no gloves)
MR       .....                  (no boots)
Stlth    ..........             (no amulet)
Regen    0.2/turn               s - ring of wizardry
MPRegen  0.2/turn               u - ring of poison resistance

@: no status effects
A: permanent stasis, dig shafts and tunnels, four strong arms, antennae 3
a: Dig, Shaft Self, Renounce Religion


You were on level 6 of the Dungeon.
You worshipped Ru.
Ru was noncommittal.
You were not hungry.

You visited 2 branches of the dungeon, and saw 7 of its levels.

You collected 341 gold pieces.

Inventory:

Hand Weapons
 y - a +1 quarterstaff of distortion (weapon)
Armour
 c - a +0 shield (worn)
 m - a +0 chain mail (worn)
Jewellery
 s - a ring of wizardry (left hand)
 u - a ring of poison resistance (right hand)
Scrolls
 a - a scroll of magic mapping {unknown}
 e - 2 scrolls of fog {unknown}
 g - a scroll of fear {unknown}
 h - 3 scrolls of remove curse {unknown}
 i - 3 scrolls of teleportation {unknown}
 j - 5 scrolls of identify {unknown}
 n - a scroll of amnesia {unknown}
 t - 2 scrolls of enchant weapon {unknown}
 z - a scroll of immolation {unknown}
Potions
 d - a potion of might
 k - a potion of heal wounds {unknown}
 l - 2 potions of mutation {unknown}
 o - a potion of curing {unknown}
 p - a potion of flight {unknown}
 q - 2 potions of brilliance {unknown}
 r - 2 potions of agility {unknown}
 w - a potion of cancellation {unknown}
Comestibles
 b - 2 meat rations
 f - 6 bread rations
 v - 9 chunks of flesh
 x - 2 fruits


   Skills:
 + Level 6.5 Fighting
 * Level 7.9 Staves
 - Level 3.2 Armour
 - Level 3.6 Shields


You had 7 spell levels left.
You didn't know any spells.

Dungeon Overview and Level Annotations

Branches:
Dungeon (6/15)             Temple (1/1) D:5

Altars:
Ashenzari
Cheibriados
Elyvilon
Gozag
Hepliaklqana
Kikubaaqudgha
Makhleb
Nemelex Xobeh
Okawaru
Qazlal
Ru
Sif Muna
Uskayaw
Vehumet
Xom
Yredelemnul
The Shining One


Innate Abilities, Weirdness & Mutations

You cannot be hasted, slowed, berserked, paralysed or teleported.
You can dig through walls and to a lower floor.
Your four strong arms can wield two-handed weapons with a shield.
You have a pair of large antennae on your head. (SInv)


Message History

You sock the orc!
You kill the orc!
The orc priest calls down the wrath of Beogh upon you.
Beogh smites you! You block the orc priest's attack.
The orc wizard completely misses you. The orc barely misses you.
An orc comes into view.
The orc shouts!
The orc priest invokes the aid of Beogh against you.
Pain shoots through your body!
* * * LOW HITPOINT WARNING * * *
You see here an orc corpse.
The orc priest invokes the aid of Beogh against you.
Beogh smites you!
* * * LOW HITPOINT WARNING * * *
You closely miss the orc.
You extend your mandibles.
You dig through the rock wall.
The orc priest mumbles some strange prayers to Beogh against you.
Beogh smites you!
You die...

#..#######.## ##(# #..#
#.## ##.# #..# #.# ##.#
#.# #.## #.##
###..######..#
.#.....#.....# ###
.#.....#.....###@#
.##...##.........#
..#...#......###.#
..##.##......# #o# ##
...#.#....######o##...##
#.#####.### #ooo.....#
##...###.....†.o......#
..#._. ..!...#....o...#
###. .###.....##.##.{.##


You could see 2 orc priests, an orc wizard and 3 orcs.

Vanquished Creatures
  A steam dragon (D:6)
  A phantom (D:6)
  An ogre (D:4)
  3 crimson imps
  An orc priest (D:6)
  A hound (D:6)
  A jelly (D:5)
  3 orc wizards
  An iguana (D:5)
  5 worker ants
  A hound skeleton (D:4)
  A worker ant zombie (D:5)
  6 gnolls
  5 adders
  An adder zombie (D:5)
  4 worms
  A dart slug (D:1)
  3 leopard geckos
  25 orcs
  7 bats
  3 giant cockroaches
  4 goblins
  2 hobgoblins (D:1)
  3 jackals (D:2)
  2 quokkas
  A ball python (D:3)
  4 frilled lizards
  7 kobolds
  A quokka skeleton (D:6)
  7 rats
106 creatures vanquished.

Vanquished Creatures (others)
  A bullfrog skeleton (D:6)
  An orc (D:6)
2 creatures vanquished.

Grand Total: 108 creatures vanquished

Notes
Turn   | Place    | Note
-------+----------+-------------------------------------------
     0 | D:1      | anfisbena the Formicid Fighter began the quest for the Orb.
     0 | D:1      | Reached XP level 1. HP: 18/18 MP: 1/1
   354 | D:1      | Reached XP level 2. HP: 24/24 MP: 2/2
   791 | D:1      | Reached XP level 3. HP: 30/30 MP: 3/3
  1184 | D:2      | Reached skill level 3 in Staves
  1704 | D:2      | Reached XP level 4. HP: 37/37 MP: 4/4
  1980 | D:3      | Reached skill level 4 in Staves
  2492 | D:3      | Reached XP level 5. HP: 32/42 MP: 5/5
  2665 | D:4      | Noticed an ogre
  2671 | D:4      | Killed an ogre
  2671 | D:4      | Reached skill level 5 in Staves
  2671 | D:4      | Reached XP level 6. HP: 4/49 MP: 6/6
  3415 | D:4      | Reached skill level 5 in Fighting
  3896 | D:5      | Entered Level 5 of the Dungeon
  3947 | D:5      | Found a sparkling altar of Nemelex Xobeh.
  4058 | D:5      | Reached XP level 7. HP: 50/56 MP: 7/7
  4076 | D:5      | Reached skill level 6 in Staves
  4482 | D:5      | Found a glowing golden altar of the Shining One.
  4810 | D:5      | Found a staircase to the Ecumenical Temple.
  4828 | Temple   | Entered the Ecumenical Temple
  5126 | Temple   | Became a worshipper of Ru the Awakened
  5533 | D:6      | Noticed a steam dragon
  5539 | D:6      | Killed a steam dragon
  5539 | D:6      | Reached skill level 7 in Staves
  5539 | D:6      | Reached XP level 8. HP: 45/64 MP: 8/8
  5822 | D:6      | Found a shattered altar of Ashenzari.
  6189 | D:6      | Killed from afar by an orc priest

Skill      XL: |  1  2  3  4  5  6  7  8 |
---------------+-------------------------+-----
Staves         | 3 4 5 7 |  7.9
Fighting       | 4 5 6 |  6.5
Armour         | |  3.2
Shields        | |  3.6

Action                   |  1- 3 |  4- 6 |  7- 9 || total
-------------------------+-------+-------+-------++-------
Melee: Quarterstaff      |   136 |   165 |   143 ||   444
 Abil: Dig               |       |       |     1 ||     1
  Eat: Chunk             |     3 |     6 |     3 ||    12
       Meat ration       |       |       |     1 ||     1
Armor: Scale mail        |    28 |       |       ||    28
       Chain mail        |    39 |    66 |    56 ||   161
Dodge: Dodged            |    31 |    30 |    26 ||    87
Block: Shield            |    65 |    73 |    45 ||   183
